 Dungeon Crawl Stone Soup version 0.22-a0-40-g3d2f077 (webtiles) character file.

118905 galech the Brawler (level 16, -18/149 HPs)
             Began as a Troll Monk on Jan 4, 2018.
             Was a High Priest of Okawaru.
             Demolished by a merfolk impaler
             ... wielding a +0 trident
              (20 damage)
             ... on level 2 of the Shoals.
             The game lasted 01:10:23 (22898 turns).

galech the Brawler (Troll Monk)                    Turns: 22898, Time: 01:10:25

Health: -18/149    AC:  9    Str: 38    XL:     16   Next: 26%
Magic:  0/19       EV: 15    Int:  5    God:    Okawaru [*****.]
Gold:   2714       SH:  0    Dex: 12    Spells: 15/15 levels left

rFire    + + .     SeeInvis .     - Unarmed
rCold    + . .     Gourm    +   (no shield)
rNeg     + . .     Faith    .   X - +2 robe {rN+}
rPois    .         Spirit   +   a - +0 hat of Gluttony {Regen+ Str+6}
rElec    +         Reflect  .   J - +1 cloak {+Inv}
rCorr    .         Harm     .   (gloves unavailable)
MR       +....                  (boots unavailable)
Stlth    +++.......             y - amulet of guardian spirit
HPRegen  1.14/turn              M - ring of Zaschaoke {rElec rF++ Str+5 Int-2}
MPRegen  0.16/turn              U - ring of protection from cold

@: no status effects
A: large, unfitting armour, claws 3, fast metabolism 3, gourmand, regeneration
1, shaggy fur 1, tough skin 2
a: Heroism, Finesse, Renounce Religion, Evoke Invisibility


You were on level 2 of the Shoals.
You worshipped Okawaru.
Okawaru was extremely pleased with you.
You were very full.

You visited 5 branches of the dungeon, and saw 25 of its levels.
You also visited: Sewer and Ice Cave.

You collected 3244 gold pieces.
You spent 530 gold pieces at shops.

Inventory:

Armour
 a - the +0 hat of Gluttony (worn) {Regen+ Str+6}
   (Okawaru gifted it to you on level 12 of the Dungeon)

   It affects your strength (+6).
   It increases your rate of regeneration.
 n - +0 acid dragon scales
 r - the +2 robe of Light {+Fly Regen+ Str+7 Dex-2}
   (Okawaru gifted it to you on level 2 of the Lair of Beasts)

   It affects your strength (+7).
   It affects your dexterity (-2).
   It lets you fly.
   It increases your rate of regeneration.
 A - a +1 troll leather armour {Snorg}
 H - the +4 robe of Augmentation {Str+4 Int+4 Dex+4}
   (Okawaru gifted it to you on level 1 of the Shoals)

   It affects your strength (+4).
   It affects your intelligence (+4).
   It affects your dexterity (+4).
 J - a +1 cloak of invisibility (worn)
 K - the +9 storm dragon scales of the Special Nights {rElec rN+}
   (Okawaru gifted it to you on level 6 of the Lair of Beasts)

   It insulates you from electricity.
   It protects you from negative energy.
 V - a +2 robe of cold resistance
 X - a +2 robe of positive energy (worn)
Jewellery
 y - an amulet of guardian spirit (around neck)
 M - the ring of Zaschaoke (left claw) {rElec rF++ Str+5 Int-2}
   (You found it on level 9 of the Dungeon)

   [ring of strength]

   It affects your strength (+5).
   It affects your intelligence (-2).
   It greatly protects you from fire.
   It insulates you from electricity.
 T - the ring "Xahyuh" {Fire *Drain *Slow rElec rN+++}
   (You found it on level 11 of the Dungeon)

   [ring of fire]

   It enhances your fire magic.
   It protects you from fire.
   It makes you vulnerable to cold.
   It insulates you from electricity.
   It renders you almost immune to negative energy.
   It causes draining when unequipped.
   It may slow you when you take damage.
 U - a ring of protection from cold (right claw)
 Y - a +2 ring of protection
Wands
 j - a wand of digging (14)
 F - a wand of iceblast (7)
 Z - a wand of flame (29)
Scrolls
 f - 5 scrolls of magic mapping
 l - 9 scrolls of remove curse
 m - 2 scrolls of brand weapon {unknown}
 o - a scroll of fog
 s - 7 scrolls of amnesia
 v - a scroll of torment {unknown}
 B - 3 scrolls of enchant weapon
 C - 2 scrolls of fear
 I - a scroll of blinking
 L - 3 scrolls of enchant armour
 N - 4 scrolls of teleportation
 R - 7 scrolls of identify
Potions
 c - a potion of cancellation
 d - a potion of heal wounds
 e - 6 potions of haste
 g - 2 potions of invisibility
 k - 9 potions of might
 q - 4 potions of brilliance
 t - 6 potions of curing
 w - a potion of ambrosia
 x - 8 potions of mutation
 z - a potion of agility
 D - 2 potions of magic
 O - 3 potions of flight
 P - 2 potions of resistance
Comestibles
 b - 54 rations


   Skills:
 + Level 7.0 Fighting
 + Level 5.2 Armour
 + Level 11.1 Dodging
 + Level 5.3 Stealth
 + Level 20.9 Unarmed Combat
 + Level 6.2 Invocations
 + Level 0.2 Evocations


You had 15 spell levels left.
You didn't know any spells.

Dungeon Overview and Level Annotations

Branches:
Dungeon (14/15)            Temple (1/1) D:7            Lair (6/6) D:11
 Shoals (2/4) Lair:2       Spider (0/4) Lair:4        Slime (0/5) Lair:6
    Orc (2/2) D:12            Elf (0/3) Orc:2
 Vaults: D:13-14

Altars:
Ashenzari
Cheibriados
Dithmenos
Elyvilon
Fedhas
Gozag
Hepliaklqana
Kikubaaqudgha
Makhleb
Nemelex Xobeh
Okawaru
Qazlal
Ru
Sif Muna
Trog
Uskayaw
Vehumet
Wu Jian
Xom
Yredelemnul
Zin
The Shining One
Beogh

Shops:
D:5 *   D:6 ([!   Orc:2 [(*:   Shoals:1 ?

Portals:
Trove: D:13 (give 15 scrolls of identify)


Innate Abilities, Weirdness & Mutations

You are too large for most types of armour.
You have claws for hands.
Your metabolism is lightning-fast.
You like to eat raw meat.
Your natural rate of healing is unusually fast.
You are covered in fur. (AC +1)
You have very tough skin. (AC +2)


Message History

The harpy claws you! The harpy claws you.
* * * LOW HITPOINT WARNING * * *
The harpy closely misses you. The harpy barely misses you.
The merfolk hits you with a halberd!!
* * * LOW HITPOINT WARNING * * *
The merfolk barely misses you. The harpy misses you.
The harpy closely misses you. The merfolk impaler closely misses you.
The merfolk hits you from afar with a trident.
* * * LOW HITPOINT WARNING * * *
The merfolk hits you from afar with a halberd!
* * * LOW HITPOINT WARNING * * *
There is a stone staircase leading up, spattered with blood here.
The harpy claws you.
* * * LOW HITPOINT WARNING * * *
The harpy claws you but does no damage. The harpy misses you.
The harpy claws you!
* * * LOW HITPOINT WARNING * * *
The harpy claws you but does no damage. The harpy completely misses you.
The merfolk impaler hits you from afar with a trident!!
You die...

###..≈≈......≈ ≈≈
....≈≈..≈≈..≈ ≈≈≈≈
...≈≈≈.≈≈≈≈≈
≈≈≈≈≈###....≈≈≈≈≈≈≈
≈≈≈≈≈.$.....≈≈≈≈≈≈≈
≈≈≈≈≈≈......≈≈≈≈≈≈≈
≈≈≈≈≈≈....H.≈≈≈≈≈≈≈
≈≈≈≈≈≈≈...H@≈≈≈≈≈≈≈
≈≈≈≈≈≈≈≈m†Hm≈≈≈≈≈≈≈
≈≈≈≈(≈≈≈..mmmm..≈≈≈
≈≈≈≈(≈≈(####...#..≈
≈≈≈≈≈≈†.# ..## .≈
≈≈≈≈≈≈... .... ≈
≈≈≈≈≈..... ....≈
≈≈≈≈≈...... ...≈≈≈
.#.≈....#... ≈≈≈≈


You could see a merfolk impaler, 4 merfolk, a merfolk siren and 3 harpies.

Vanquished Creatures
  Rupert (D:11)
  A storm dragon (D:11)
  A tengu reaver (D:11)
  2 frost giants
  3 stone giants
  Azrael (D:12)
  2 dire elephants
  3 ettins
  Snorg (Lair:3)
  3 merfolk impalers (Shoals:1)
  Josephine (D:10)
  A fire dragon (Lair:6)
  A yaktaur captain (D:13)
  Harold (Lair:3)
  2 catoblepae
  3 hydras
  2 death knights
  A centaur warrior (D:13)
  8 two-headed ogres
  A satyr (Shoals:1)
  Erica (D:11)
  3 death yaks (Lair:6)
  A tengu warrior (D:13)
  An orc high priest (D:9)
  The ghost of Gorglomux the Covered, a novice DDFi of Makhleb (D:6)
  2 skeletal warriors
  A sea snake (Shoals:1)
  A shadow wraith (D:11)
  A deep troll (shapeshifter) (D:14)
  A wizard (D:13)
  2 unseen horrors (D:13)
  3 lindwurms (Lair:6)
  A glowing orange brain (D:12)
  The ghost of Gorglomux the Covered, a novice DDFi of Makhleb (D:7)
  A swamp dragon (Lair:6)
  A phantasmal warrior (D:11)
  6 harpies
  2 orc knights (Orc:1)
  3 ugly things
  2 oklob plants (Lair:3)
  2 deep elf magi
  4 orc sorcerers
  11 cyclopes
  4 manticores
  4 fauns (Shoals:1)
  Maurice (D:8)
  29 elephants
  An ice statue (IceCv)
  4 black mambas
  A gargoyle (D:12)
  14 spiny frogs
  5 komodo dragons
  5 rime drakes
  4 demonic crawlers (D:12)
  A freezing wraith (D:9)
  2 ice devils (Lair:6)
  A jumping spider (Lair:4)
  11 merfolk (Shoals:1)
  A tengu conjurer (D:12)
  2 queen bees
  7 meliai
  14 polar bears (IceCv)
  A wind drake (Shoals:1)
  9 trolls
  Grinder (D:6)
  A blink frog (Lair:6)
  5 slime creatures
  A hornet (D:13)
  2 dream sheep (Lair:6)
  13 hippogriffs
  3 snapping turtles
  9 wraiths
  32 yaks
  A wyvern (Lair:4)
  A fire elemental (D:12)
  3 small abominations (D:12)
  4 hogs
  A human (D:7)
  2 basilisks
  A warg (Orc:2)
  4 acid dragons
  10 water moccasins
  Edmund (D:5)
  2 hell hounds (D:12)
  6 porcupines
  3 swamp drakes (Lair:6)
  A floating eye (D:12)
  Purgy (Sewer)
  4 ice beasts
  15 orc warriors
  2 eyes of draining
  4 phantoms
  2 necrophages
  3 sky beasts
  15 wolves
  3 black bears
  14 ogres
  The ghost of tof the Slasher, an amateur DsMo (D:3)
  12 centaurs
  2 big kobolds
  13 crocodiles
  12 bullfrogs
  A bullfrog (shapeshifter) (D:11)
  A gnoll sergeant (D:10)
  2 wyvern zombies
  6 scorpions
  2 wyvern skeletons
  57 killer bees
  4 howler monkeys
  4 wights (D:10)
  3 crimson imps
  5 hounds
  2 quasits
  8 jellies
  2 centaur zombies
  16 orc priests
  A bullfrog skeleton (D:10)
  4 centaur skeletons
  Ijyb (D:5)
  4 iguanas
  21 orc wizards
  8 worker ants
  A killer bee zombie (D:8)
  A worker ant zombie (D:11)
  18 adders
  6 gnolls
  2 river rats (D:4)
  6 shadow imps
  4 oozes
  An adder zombie (D:9)
  2 adder skeletons (D:9)
  2 worms
  A dart slug (D:1)
  4 leopard geckos
  84 orcs
  12 bats
  15 giant cockroaches
  6 goblins
  5 hobgoblins
  8 jackals
  22 kobolds
  4 quokkas
  4 frilled lizards
  A jackal zombie (D:6)
  A quokka skeleton (D:9)
  5 rats
789 creatures vanquished.

Vanquished Creatures (others)
  An acid dragon (D:11)
  2 iguanas (Lair:6)
  3 fungi
  6 plants
12 creatures vanquished.

Grand Total: 801 creatures vanquished

Notes
Turn   | Place    | Note
-------+----------+-------------------------------------------
     0 | D:1      | galech the Troll Monk began the quest for the Orb.
     0 | D:1      | Reached XP level 1. HP: 22/22 MP: 0/0
    75 | D:1      | Reached XP level 2. HP: 24/29 MP: 1/1
   300 | D:1      | Reached XP level 3. HP: 36/36 MP: 2/2
   581 | D:2      | Reached XP level 4. HP: 38/44 MP: 3/3
   772 | D:2      | Reached skill level 4 in Unarmed Combat
   788 | D:2      | Found a shimmering altar of Xom.
   896 | D:2      | Found a shadowy altar of Dithmenos.
  1099 | D:3      | Noticed tof's ghost (amateur DsMo)
  1106 | D:3      | Killed tof's ghost
  1106 | D:3      | Reached XP level 5. HP: 52/52 MP: 4/4
  1149 | D:3      | Reached skill level 5 in Unarmed Combat
  1477 | D:3      | Reached XP level 6. HP: 61/61 MP: 5/5
  1809 | D:4      | Found a glowing drain.
  1813 | Sewer    | Entered a sewer
  1857 | Sewer    | Noticed Purgy
  1874 | Sewer    | Killed Purgy
  1874 | Sewer    | Reached skill level 6 in Unarmed Combat
  1874 | Sewer    | Reached XP level 7. HP: 52/67 MP: 6/6
  2137 | D:4      | You fall through a shaft for 3 floors!
  2160 | D:7      | Noticed a human
  2160 | D:7      | Noticed a hog
  2160 | D:7      | Noticed a hog
  2160 | D:7      | Noticed a hog
  2161 | D:7      | Noticed a hog
  2174 | D:7      | Killed a hog
  2174 | D:7      | Reached skill level 7 in Unarmed Combat
  2239 | D:7      | Found a sparkling altar of Nemelex Xobeh.
  2416 | D:7      | Found a staircase to the Ecumenical Temple.
  2426 | Temple   | Entered the Ecumenical Temple
  2433 | Temple   | Became a worshipper of Warmaster Okawaru
  2433 | Temple   | Reached * piety under Okawaru
  2433 | Temple   | Reached ** piety under Okawaru
  2489 | D:6      | Found a shattered altar of Ashenzari.
  2520 | D:6      | Found Keung's Antique Weapon Emporium.
  2531 | D:6      | Noticed Gorglomux's ghost (novice DDFi)
  2542 | D:6      | Killed Gorglomux's ghost
  2542 | D:6      | Reached *** piety under Okawaru
  2542 | D:6      | Reached skill level 5 in Dodging
  2542 | D:6      | Reached skill level 8 in Unarmed Combat
  2542 | D:6      | Reached XP level 8. HP: 59/76 MP: 7/7
  2591 | D:5      | Entered Level 5 of the Dungeon
  3094 | D:5      | Reached skill level 9 in Unarmed Combat
  3168 | D:5      | Noticed Ijyb
  3254 | D:5      | Killed Ijyb
  3417 | D:5      | Found Ykid's General Store.
  3430 | D:5      | Bought 2 scrolls of identify for 44 gold pieces
  3468 | D:5      | Reached **** piety under Okawaru
  3566 | D:5      | Noticed Edmund
  3573 | D:5      | Killed Edmund
  3573 | D:5      | Reached XP level 9. HP: 76/84 MP: 8/8
  4246 | D:6      | Found an ornate altar of the Wu Jian Council.
  4246 | D:6      | Found a glowing silver altar of Zin.
  4246 | D:6      | Found a deep blue altar of Sif Muna.
  4246 | D:6      | Found a sacrificial altar of Ru.
  4258 | D:6      | Found an opulent altar of Gozag.
  4260 | D:6      | Found a white marble altar of Elyvilon.
  4509 | D:6      | Found Sixooha's Distillery.
  4526 | D:6      | Bought 2 potions of mutation for 224 gold pieces
  4561 | D:6      | You fall through a shaft for 2 floors!
  4561 | D:8      | Noticed a troll
  4570 | D:8      | Killed a troll
  4570 | D:8      | Reached skill level 10 in Unarmed Combat
  4705 | D:7      | Noticed Gorglomux's ghost (novice DDFi)
  4761 | D:7      | Killed Gorglomux's ghost
  5431 | D:6      | Found Ybybli's Armour Shop.
  5463 | D:6      | Noticed Grinder
  5466 | D:6      | Killed Grinder
  5505 | D:6      | Reached skill level 11 in Unarmed Combat
  5696 | D:7      | Reached ***** piety under Okawaru
  5783 | D:7      | Noticed a two-headed ogre
  5791 | D:7      | Killed a two-headed ogre
  5791 | D:7      | Reached XP level 10. HP: 69/92 MP: 9/9
  6386 | D:8      | Noticed a two-headed ogre
  6396 | D:8      | Killed a two-headed ogre
  6431 | D:8      | Found a blossoming altar of Fedhas.
  6472 | D:8      | Reached skill level 12 in Unarmed Combat
  6476 | D:8      | Reached skill level 1 in Invocations
  6626 | D:8      | Noticed a two-headed ogre
  6713 | D:8      | Killed a two-headed ogre
  6713 | D:8      | Received a gift from Okawaru
  6713 | D:8      | Reached ****** piety under Okawaru
  6771 | D:8      | Noticed Maurice
  6794 | D:8      | Killed Maurice
  6795 | D:8      | Reached XP level 11. HP: 93/101 MP: 6/10
  7118 | D:9      | Noticed a two-headed ogre
  7123 | D:9      | Killed a two-headed ogre
  7123 | D:9      | Reached skill level 13 in Unarmed Combat
  7401 | D:9      | Found an ancient bone altar of Kikubaaqudgha.
  7511 | D:9      | Found a runed door.
  7511 | D:9      | Noticed a death knight
  7517 | D:9      | Killed a death knight
  7645 | D:9      | Noticed a deep elf mage
  7652 | D:9      | Killed a deep elf mage
  7702 | D:9      | Noticed an orc high priest
  7702 | D:9      | Noticed a catoblepas
  7704 | D:9      | Killed a catoblepas
  7711 | D:9      | Killed an orc high priest
  7718 | D:9      | Got a transparent granite ring
  7727 | D:9      | Identified the ring of Zaschaoke {rElec rF++ Str+5 Int-2} (You found it on level 9 of the Dungeon)
  7981 | D:9      | Identified a scroll of acquirement
  8082 | D:10     | Entered Level 10 of the Dungeon
  8228 | D:10     | Reached skill level 5 in Fighting
  8348 | D:10     | Noticed a deep elf mage
  8358 | D:10     | Killed a deep elf mage
  8496 | D:10     | Noticed Josephine
  8505 | D:10     | Killed Josephine
  8505 | D:10     | Received a gift from Okawaru
  8505 | D:10     | Reached skill level 14 in Unarmed Combat
  8525 | D:10     | Got a crystal quarterstaff {god gift}
  8553 | D:10     | Identified the +4 quarterstaff of Sistri {antimagic, rElec rF- rC+ Str+4} (Okawaru gifted it to you on level 10 of the Dungeon)
  9133 | D:11     | Killed a shadow wraith
  9133 | D:11     | Reached XP level 12. HP: 48/111 MP: 6/13
  9218 | D:11     | Noticed Erica
  9238 | D:11     | Killed Erica
  9332 | D:11     | Noticed a death knight
  9364 | D:11     | Killed a death knight
  9495 | D:11     | Noticed a tengu reaver
  9495 | D:11     | Noticed a storm dragon
  9515 | D:11     | Killed a storm dragon
  9515 | D:11     | Received a gift from Okawaru
  9522 | D:11     | Killed a tengu reaver
  9522 | D:11     | Reached skill level 15 in Unarmed Combat
  9663 | D:11     | Got a warped iron ring
  9665 | D:11     | Identified the ring "Xahyuh" {Fire *Drain *Slow rElec rN+++} (You found it on level 11 of the Dungeon)
 10012 | D:11     | Found a staircase to the Lair.
 10324 | Lair:1   | Entered Level 1 of the Lair of Beasts
 11184 | Lair:2   | Reached skill level 16 in Unarmed Combat
 11267 | Lair:2   | Reached XP level 13. HP: 112/120 MP: 13/15
 11357 | Lair:2   | Found a staircase to the Shoals.
 11611 | Lair:2   | Received a gift from Okawaru
 11619 | Lair:2   | Got a colourful robe {god gift}
 11630 | Lair:2   | Identified the +2 robe of Light {+Fly Regen+ Str+7 Dex-2} (Okawaru gifted it to you on level 2 of the Lair of Beasts)
 12374 | Lair:3   | Noticed Snorg
 12381 | Lair:3   | Killed Snorg
 12646 | Lair:3   | Noticed Harold
 12654 | Lair:3   | Killed Harold
 12912 | Lair:3   | Reached skill level 17 in Unarmed Combat
 13011 | Lair:4   | Noticed a dire elephant
 13116 | Lair:4   | Killed a dire elephant
 13167 | Lair:4   | Reached skill level 5 in Stealth
 13177 | Lair:4   | Received a gift from Okawaru
 13193 | Lair:4   | Got a transparent hunting sling {god gift}
 13194 | Lair:4   | Identified the +5 hunting sling "Xofif" {freeze, +Fly rElec Int-3} (Okawaru gifted it to you on level 4 of the Lair of Beasts)
 13456 | Lair:4   | Found a hole to the Spider Nest.
 13566 | Lair:4   | Reached skill level 5 in Invocations
 13914 | Lair:5   | Reached XP level 14. HP: 82/130 MP: 8/16
 14573 | Lair:6   | Entered Level 6 of the Lair of Beasts
 14573 | Lair:6   | Found a staircase to the Slime Pits.
 14663 | Lair:6   | Reached skill level 10 in Dodging
 14698 | Lair:6   | Found a frozen archway.
 14746 | IceCv    | Entered an ice cave
 15075 | IceCv    | Reached skill level 18 in Unarmed Combat
 15153 | IceCv    | Received a gift from Okawaru
 15176 | IceCv    | Noticed a frost giant
 15234 | IceCv    | Killed a frost giant
 16557 | Lair:6   | Received a gift from Okawaru
 16626 | Lair:6   | Got steaming storm dragon scales {god gift}
 16640 | Lair:6   | Identified the +9 storm dragon scales of the Special Nights {rElec rN+} (Okawaru gifted it to you on level 6 of the Lair of Beasts)
 17175 | D:12     | Noticed Rupert
 17176 | D:12     | Paralysed by Rupert for 7 turns
 17202 | D:11     | Killed Rupert
 17202 | D:11     | Reached skill level 19 in Unarmed Combat
 17412 | D:12     | Reached XP level 15. HP: 136/139 MP: 16/18
 17526 | D:12     | Reached skill level 1 in Armour
 17586 | D:12     | Found a staircase to the Orcish Mines.
 17678 | Orc:1    | Entered Level 1 of the Orcish Mines
 17939 | Orc:2    | Entered Level 2 of the Orcish Mines
 17939 | Orc:2    | Found Naahin's Antique Weapon Emporium.
 18105 | D:12     | Noticed Azrael
 18112 | D:12     | Killed Azrael
 18253 | Orc:2    | Found Ikisupe's General Store.
 18410 | Orc:2    | Found Xest's Book Boutique.
 18526 | Orc:2    | Bought a scroll of identify for 28 gold pieces
 18593 | Orc:2    | Found a staircase to the Elven Halls.
 18834 | Orc:2    | Found Vutal's Antique Armour Emporium.
 19211 | Orc:1    | Found a transporter.
 19413 | Orc:1    | Found a roughly hewn altar of Beogh.
 19438 | Orc:1    | Found a transporter.
 19704 | Orc:1    | Identified the Reference Book on Hexes and Arcane Weapons
 19874 | D:12     | Received a gift from Okawaru
 19889 | D:12     | Got a smoking hat {god gift}
 19900 | D:12     | Identified the +0 hat of Gluttony {Regen+ Str+6} (Okawaru gifted it to you on level 12 of the Dungeon)
 20221 | D:12     | Identified Sif Muna's Guide on Excruciating Transformation
 20311 | D:12     | Paralysed by a floating eye for 3 turns
 20321 | D:12     | Paralysed by a floating eye for 2 turns
 20807 | D:13     | Reached skill level 20 in Unarmed Combat
 21113 | D:13     | Noticed a frost giant
 21247 | D:14     | Killed a frost giant
 21555 | D:13     | Found a portal to a secret trove of treasure.
 21847 | D:13     | Reached XP level 16. HP: 146/149 MP: 17/19
 22099 | Shoals:1 | Entered Level 1 of the Shoals
 22269 | Shoals:1 | Found Laemosite's Magic Scroll Boutique.
 22286 | Shoals:1 | Bought a scroll of identify for 24 gold pieces
 22286 | Shoals:1 | Bought a scroll of teleportation for 36 gold pieces
 22286 | Shoals:1 | Bought a scroll of identify for 24 gold pieces
 22286 | Shoals:1 | Bought a scroll of enchant armour for 90 gold pieces
 22286 | Shoals:1 | Bought a scroll of identify for 24 gold pieces
 22286 | Shoals:1 | Bought a scroll of teleportation for 36 gold pieces
 22347 | Shoals:1 | Received a gift from Okawaru
 22348 | Shoals:1 | Found the +4 robe of Augmentation {Str+4 Int+4 Dex+4}
 22436 | Shoals:1 | Reached skill level 5 in Armour
 22898 | Shoals:2 | HP: 2/149 [harpy (8)]
 22898 | Shoals:2 | Demolished by a merfolk impaler

Vault maps used:
D:1:      dpeg_arrival_houses_and_road
D:2:      lemuel_round_altar, lemuel_doored_altar
D:4:      gup_sewer_entry_bowl, kennysheep_nondescript
D:5:      serial_shops, shop, first_ration, nicolae_underground_beach,
          uniq_edmund, uniq_ijyb
D:6:      chequers_temple_overflow_statue_of_worship,
          grunt_temple_overflow_open, serial_shops, kennysheep_mini, shop,
          nicolae_shop_crystal, minmay_holes, nicolae_ashenzari_panopticon,
          uniq_grinder
D:7:      lemuel_round_altar, temple_hall, grunt_livestock
D:8:      basic_altar, uniq_maurice
D:9:      kennysheep_little_box, grunt_ministairs_1, minivault_13
D:10:     uniq_josephine
D:11:     minmay_shrinking_squares, lair_entry_dummy, uniq_erica
D:12:     cheibrodos_hippocracy, hiddenorc2_lemuel, uniq_rupert, uniq_azrael
D:13:     regret_index_bee_streams, nicolae_trove_entry_free_sample
D:14:     david_vaults_5, hangedman_decor_points, uniq_urug, uniq_nessos
Temple:   nicolae_temple_no_exploring_needed
Lair:1:   grunt_megastairs_4
Lair:2:   minmay_shoals_entry_hut, beast_lair_carwin_9
Lair:3:   grunt_megastairs_2, lemuel_fruit_tree, lemuel_fruit_fields,
          minmay_lair_oklob_chamber, uniq_harold, uniq_snorg
Lair:4:   beast_lair_carwin_large_4, spider_nest_entry_a
Lair:6:   hangedman_lair_in_review, guppyfry_lair_end_dragon,
          nicolae_slime_entry_slimehenge, portal_ice_cave_demonic_guard,
          special_room
Shoals:1: cheibrodos_shoals_oceanic_diplomacy, serial_shops, nicolae_shop_stone
Shoals:2: argonaut_gorgonesque, uniq_frances
Orc:1:    gammafunk_beogh_shrine
Orc:2:    grunt_orc_gardens, grunt_orc_garden, grunt_orc_garden,
          grunt_orc_garden, grunt_orc_garden
Sewer:    sewer_big_baddie
IceCv:    ice_cave_small_giant

Skill      XL: |  1  2  3  4  5  6  7  8  9 10 11 12 13 14 15 16 |
---------------+-------------------------------------------------+-----
Dodging        | 3 5 6 7 8 9 10 11 | 11.1
Unarmed Combat | 4 5 6 8 9 11 12 14 16 17 19 20 | 20.9
Fighting       | 3 4 5 6 7 |  7.0
Stealth        | 2 3 4 5 |  5.3
Invocations    | 1 3 4 5 6 |  6.2
Armour         | 4 5 |  5.2
Evocations     | |  0.2

Action                   |  1- 3 |  4- 6 |  7- 9 | 10-12 | 13-15 | 16-18 || total
-------------------------+-------+-------+-------+-------+-------+-------++-------
Melee: Unarmed           |   107 |   167 |   228 |   463 |  1184 |   100 ||  2249
       Punch             |     1 |       |     7 |    35 |   140 |    12 ||   195
Invok: Heroism           |       |       |     4 |    14 |    25 |     2 ||    45
       Finesse           |       |       |       |     6 |    12 |     1 ||    19
Evoke: Wand              |       |       |       |       |     5 |       ||     5
  Use: Scroll            |       |     5 |     4 |     8 |    16 |       ||    33
       Potion            |       |     3 |       |       |     7 |       ||    10
 Stab: Sleeping          |     2 |     2 |       |    12 |     7 |       ||    23
       Distracted        |       |       |     1 |     1 |     1 |       ||     3
  Eat: Chunk             |    11 |    12 |    28 |    57 |    95 |    10 ||   213
Armor: Robe              |    60 |    70 |    60 |    92 |   183 |     7 ||   472
       Storm dragon scal |       |       |       |       |   445 |    73 ||   518
Dodge: Dodged            |    78 |   102 |   139 |   249 |   713 |    99 ||  1380

Table legend:
 A = Spawn XP
 B = Non-spawn XP
 C = Spawn XP percentage of total XP
 D = Spawn monster count
 E = Non-spawn monster count
 F = Spawn count percentage of total count
 G = Total turns spent on level
                    A         B        C        D         E        F      G
               +---------+---------+-------+---------+---------+-------+---------
         Total |       0 |  169865 |   0.0 |       0 |     790 |   0.0 | 22898
               +---------+---------+-------+---------+---------+-------+---------
           D:1 |       0 |      44 |   0.0 |       0 |      23 |   0.0 |   410
           D:2 |       0 |      91 |   0.0 |       0 |      27 |   0.0 |   673
           D:3 |       0 |     330 |   0.0 |       0 |      28 |   0.0 |   767
           D:4 |       0 |     544 |   0.0 |       0 |      11 |   0.0 |   635
           D:5 |       0 |     674 |   0.0 |       0 |      20 |   0.0 |  1166
           D:6 |       0 |    2138 |   0.0 |       0 |      26 |   0.0 |  1182
           D:7 |       0 |    2603 |   0.0 |       0 |      17 |   0.0 |  1126
           D:8 |       0 |    4701 |   0.0 |       0 |      43 |   0.0 |   820
           D:9 |       0 |    5298 |   0.0 |       0 |      23 |   0.0 |  1138
          D:10 |       0 |    5119 |   0.0 |       0 |      30 |   0.0 |   998
          D:11 |       0 |   12901 |   0.0 |       0 |      31 |   0.0 |  1421
          D:12 |       0 |    9681 |   0.0 |       0 |      73 |   0.0 |  1549
          D:13 |       0 |   16160 |   0.0 |       0 |      88 |   0.0 |  1136
          D:14 |       0 |    4540 |   0.0 |       0 |      10 |   0.0 |   168
        Lair:1 |       0 |    4105 |   0.0 |       0 |      14 |   0.0 |   800
        Lair:2 |       0 |    6002 |   0.0 |       0 |      26 |   0.0 |  1123
        Lair:3 |       0 |   13491 |   0.0 |       0 |      41 |   0.0 |  1022
        Lair:4 |       0 |   10554 |   0.0 |       0 |      25 |   0.0 |   793
        Lair:5 |       0 |    2365 |   0.0 |       0 |       9 |   0.0 |   758
        Lair:6 |       0 |   21151 |   0.0 |       0 |      72 |   0.0 |  1545
      Shoals:1 |       0 |   15153 |   0.0 |       0 |      32 |   0.0 |   784
      Shoals:2 |       0 |    1265 |   0.0 |       0 |       2 |   0.0 |    15
         Orc:1 |       0 |   12824 |   0.0 |       0 |      64 |   0.0 |  1160
         Orc:2 |       0 |    8555 |   0.0 |       0 |      13 |   0.0 |   748
         Sewer |       0 |     140 |   0.0 |       0 |       6 |   0.0 |   150
         IceCv |       0 |    9436 |   0.0 |       0 |      36 |   0.0 |   796
               +---------+---------+-------+---------+---------+-------+---------
